 Dungeon Crawl Stone Soup version 0.28-a0-94-g325244837d (webtiles) character file.

Game seed: 14839398082237878182

3246 Ezendos the Fighter (level 9, 0/68 HPs)
             Began as an Octopode Transmuter on Aug 7, 2021.
             Was an Elder of Zin.
             Slain by Harold (21 damage)
             ... on level 7 of the Dungeon.
             The game lasted 00:20:05 (8379 turns).

Ezendos the Fighter (Octopode Transmuter)           Turns: 8379, Time: 00:20:06

Health: 0/68       AC:  1    Str: 12    XL:     9   Next: 99%
Magic:  8/14       EV: 13    Int: 20    God:    Zin [****..]
Gold:   304        SH:  0    Dex: 14    Spells: 11/12 levels left

rFire   . . .      SeeInvis +   D - +2 trident (venom)
rCold   + + .      Faith    .   (no shield)
rNeg    . . .      Spirit   .   (helmet restricted)
rPois   ∞          Reflect  .   x - amulet of regeneration
rElec   .          Harm     .   e - ring of see invisible
rCorr   .          Rampage  .   c - +4 ring of evasion
Will    .....                   h - ring of protection from cold
Stlth   ++++......              o - ring of protection from cold
HPRegen 1.21/turn               (no ring)
MPRegen 0.14/turn               (no ring)
                                (no ring)
                                (no ring)

@: vitalised, weak-willed, marked, on recite cooldown, held
A: almost no armour, amphibious, 8 rings, camouflage 1, gelatinous body 1,
(nimble swimmer 1), tentacles
a: Renounce Religion, Recite, Vitalisation, Imprison, Donate Gold


You were on level 7 of the Dungeon.
You worshipped Zin.
Zin was greatly pleased with you.
You visited 1 branch of the dungeon, and saw 7 of its levels.

You collected 337 gold pieces.
You donated 33 gold pieces to Zin.

Inventory:

Hand Weapons
 d - a +6 flail
 D - a +2 trident of venom (weapon)
 E - a +2 whip of electrocution
Missiles
 q - a throwing net
Jewellery
 c - a +4 ring of evasion (right tentacle)
 e - a ring of see invisible (left tentacle)
 h - a ring of protection from cold (on tentacle)
 k - an amulet of the acrobat
 o - a ring of protection from cold (on tentacle)
 x - an amulet of regeneration (around mantle)
Wands
 t - a wand of charming (5)
 A - a wand of flame (13)
Scrolls
 b - a scroll of vulnerability
 g - a scroll of enchant armour
 w - a scroll of silence
 y - 2 scrolls of identify
Potions
 j - a potion of mutation {unknown}
 l - a potion of lignification {unknown}
 m - 3 potions of flight
 n - a potion of berserk rage
 u - a potion of haste {unknown}
 z - a potion of attraction {unknown}
 B - a potion of brilliance {unknown}
 C - a potion of resistance {unknown}


   Skills:
 * Level 9.3 Fighting
 + Level 6.9 Dodging
 - Level 4.0 Stealth
 - Level 3.4 Unarmed Combat
 - Level 2.4 Spellcasting
 - Level 2.6 Transmutations
 + Level 6.8 Invocations


You had 11 spell levels left.
You knew the following spells:

 Your Spells              Type           Power      Damage    Failure   Level
Z - Beastly Appendage     Tmut           26%        N/A       4%          1

Your spell library contained the following spells:

 Spells                   Type           Power      Damage    Failure   Level
 Wereblood                Tmut           13%        N/A       8%          2
 Spider Form              Tmut/Pois      3%         N/A       26%         3
 Ice Form                 Ice/Tmut       7%         N/A       65%         4


Dungeon Overview and Level Annotations

Branches:
Dungeon (7/15)             Temple (0/1) D:7

Altars:
Elyvilon
Vehumet
Xom
Zin

Shops:
D:2 =

Annotations:
D:7 Harold


Innate Abilities, Weirdness & Mutations

You cannot wear most types of armour.
You are amphibious.
You can wear up to eight rings at the same time.
Your skin changes colour to match your surroundings (Stealth+).
Your rubbery body absorbs attacks. (AC +1, EV +1)
((You are camouflaged near water. (Stealth+)))
You have tentacles for arms and can constrict up to eight enemies at once.


Message History

Aim: Harold, wielding a +0 vampiric scimitar and wearing a +0 scale mail (heavily wounded, very poisoned, weak-willed) Zin imprisons Harold with walls of pure silver!
The water moccasin closely misses you.
As you read the scroll labelled BONYNTU RADDU, it crumbles to dust.
It is a scroll of amnesia.
Forget Wereblood, freeing 2 spell levels for a total of 11?
Your memory of Wereblood unravels.
The water moccasin closely misses you. The water moccasin bites you.
As you read the scroll labelled LISOATTYLAIHO, it crumbles to dust.
You speak a Word of immense power!
It was a scroll of holy word.
The water moccasin bites you.
As you read the scroll labelled WEZOAG TIHUNN, it crumbles to dust.
You feel aware of your surroundings.
It was a scroll of magic mapping.
The water moccasin bites you!
You are poisoned.
The water moccasin poisons you!
This is a scroll of acquirement!
Something appears before you!
You feel very sick. The water moccasin closely misses you.
The water moccasin bites you!
As you read the scroll labelled FEFO IMUESMO, it crumbles to dust.
The creatures around you are filled with an inner flame!
It was a scroll of immolation.
Zin releases Harold from his prison.
You feel sick. The water moccasin barely misses you.
As you read the scroll labelled PULIUMM ECSA, it crumbles to dust.
The scroll dissolves into smoke.
It was a scroll of fog.
You feel sick. The water moccasin bites you.
Harold points at you and mumbles some strange words.
The mark upon you grows brighter. The water moccasin closely misses you.
Okay, then.
Zin grants you divine stamina. The water moccasin bites you.
* * * LOW HITPOINT WARNING * * *
Your divine stamina protects you from poison!
Harold hits you with a +0 vampiric scimitar!
* * * LOW HITPOINT WARNING * * *
Harold draws strength from your wounds!
You feel better. The water moccasin barely misses you.
Harold hits you with a +0 vampiric scimitar!!
You die...

##.....#.≈≈...≈≈.#
.......#.≈≈._.≈≈.#
#......#.≈≈[..≈≈.#
#......#.≈.≈≈≈.≈.#
*,*****#.≈.....≈.#
*,* **,.≈≈≈≈≈..##
*,* *.#########§#
*,*
*.......###S#######
*,*
*.......§@@§§.....#*
*,*
*.########§§§......*
*+*****+*****
#######.#.*
,,,,,,,,,,,,* *,#,*
,,,,,,,,,,,,* *,*,*
,,,,,,,,,,,,* *,*,*
,,,,,,,,,,,,* *,*,*
,,,,,,,,,,,,* *,*,*
,,,,,,,,,,,,* *,*,*


You could see Harold (very poisoned, weak-willed) and a water moccasin (inner
flame, weak-willed).

Vanquished Creatures
  Pikel (D:5)
  Maggie (D:6)
  A sky beast (D:7)
  Duvessa (D:6)
  A black bear (D:5)
  2 ice beasts
  2 necrophages
  An ogre (D:7)
  3 centaurs
  2 phantoms
  A gnoll sergeant (D:6)
  A scorpion (D:5)
  Dowan (D:6)
  A bullfrog (D:7)
  A water moccasin skeleton (D:5)
  4 wights (D:7)
  A howler monkey (D:5)
  2 centaur zombies (D:5)
  A bullfrog zombie (D:5)
  A jelly (D:5)
  3 orc priests
  3 hounds
  A bullfrog skeleton (D:6)
  6 centaur skeletons
  2 iguanas
  4 orc wizards
  A hound skeleton (D:4)
  Robin (D:2)
  7 gnolls
  5 adders
  A howler monkey skeleton (D:6)
  An ufetubus (D:7)
  A worm (D:5)
  5 dart slugs
  14 orcs
  9 ball pythons
  2 bats (D:1)
  8 endoplasms
  2 giant cockroaches (D:1)
  7 hobgoblins
  8 jackals (D:1)
  12 kobolds
  4 quokkas
  5 frilled lizards
  12 goblins
  9 rats
162 creatures vanquished.

Vanquished Creatures (others)
  A plant (D:1)
1 creature vanquished.

Grand Total: 163 creatures vanquished

Notes
Turn   | Place    | Note
-------+----------+-------------------------------------------
     0 | D:1      | Ezendos the Octopode Transmuter began the quest for the
                  | Orb.
     0 | D:1      | Reached XP level 1. HP: 13/13 MP: 3/3
   396 | D:1      | Reached XP level 2. HP: 12/18 MP: 3/5
   497 | D:1      | Learned a level 2 spell: Wereblood
   640 | D:1      | Reached skill level 1 in Stealth
   843 | D:1      | Found a faded altar of an unknown god.
   919 | D:1      | Reached XP level 3. HP: 18/23 MP: 6/6
   947 | D:1      | Became a worshipper of Zin the Law-Giver
   947 | D:1      | Reached * piety under Zin
  1426 | D:2      | Noticed Robin
  2008 | D:2      | Reached XP level 4. HP: 22/28 MP: 7/7
  2234 | D:2      | Killed Robin
  2321 | D:2      | Found Ysol's Jewellery Boutique.
  2920 | D:3      | Reached ** piety under Zin
  2926 | D:3      | Reached skill level 2 in Fighting
  3283 | D:3      | Reached XP level 5. HP: 3/35 MP: 5/8
  3653 | D:3      | Reached skill level 1 in Invocations
  3709 | D:3      | Reached skill level 3 in Fighting
  3880 | D:2      | Reached XP level 6. HP: 16/42 MP: 6/9
  4705 | D:4      | Found a white marble altar of Elyvilon.
  5369 | D:5      | Entered Level 5 of the Dungeon
  5385 | D:5      | Noticed an ice beast
  5564 | D:5      | Reached XP level 7. HP: 43/47 MP: 8/10
  5609 | D:5      | Reached skill level 4 in Fighting
  5722 | D:5      | Reached *** piety under Zin
  6375 | D:5      | Reached skill level 5 in Fighting
  6381 | D:5      | Reached XP level 8. HP: 52/56 MP: 11/11
  6834 | D:5      | Reached skill level 6 in Fighting
  7079 | D:6      | Noticed Pikel
  7107 | D:5      | Reached skill level 5 in Dodging
  7169 | D:6      | Reached **** piety under Zin
  7201 | D:5      | Killed Pikel
  7202 | D:5      | Reached skill level 7 in Fighting
  7202 | D:5      | Reached skill level 5 in Invocations
  7202 | D:5      | Reached XP level 9. HP: 51/64 MP: 11/13
  7316 | D:6      | Noticed Maggie
  7355 | D:6      | Killed Maggie
  7356 | D:6      | Reached skill level 8 in Fighting
  7470 | D:6      | Noticed Duvessa
  7470 | D:6      | Noticed Dowan
  7485 | D:6      | Killed Duvessa
  7492 | D:6      | Killed Dowan
  7778 | D:7      | Noticed Harold
  7913 | D:7      | Found a staircase to the Ecumenical Temple.
  8128 | D:7      | Reached skill level 9 in Fighting
  8306 | D:7      | Found a shimmering altar of Xom.
  8323 | D:7      | Found a radiant altar of Vehumet.
  8375 | D:7      | Identified a scroll of acquirement
  8375 | D:7      | Acquired 991 gold pieces
  8379 | D:7      | Slain by Harold

Illustrated notes

Levels and vault maps discovered:
D:1:      ncdulo_watergridlock, layout_basic,
          shapermc_ecumenical_altar_mp_ritualfount
D:2:      layout_basic, serial_shops, shop, minmay_cut_off, uniq_robin
D:3:      cheibrodos_pilgrimage, layout_rooms, minmay_crystal_water,
          hangedman_decor_growths
D:4:      layout_basic, old_standard_altar
D:5:      layout_cave_pools
D:6:      layout_basic, uniq_duvessa, uniq_maggie, uniq_pikel
D:7:      layout_basic, mainiacjoe_overflow_alcove_1, mainiacjoe_overflow_paths,
          minmay_temple_entry_mist, chequers_serial_rivers_room_a,
          hangedman_decor_opposing, uniq_harold

Skill      XL: |  1  2  3  4  5  6  7  8  9 |
---------------+----------------------------+-----
Stealth        | 1 2 3 4 |  4.0
Fighting       | 2 3 5 7 9 |  9.3
Invocations    | 1 2 3 5 6 |  6.8
Dodging        | 3 4 5 6 |  6.9
Unarmed Combat | |  3.4
Spellcasting   | |  2.4
Transmutations | |  2.6

Action                   |  1- 3 |  4- 6 |  7- 9 || total
-------------------------+-------+-------+-------++-------
Melee: Unarmed           |    17 |       |       ||    17
       Kick              |     7 |       |       ||     7
       Tentacles         |    13 |    35 |    71 ||   119
       Constrict         |    23 |    30 |    44 ||    97
       Whip              |    76 |    38 |    49 ||   163
       Punch             |       |     4 |     8 ||    12
       Short sword       |       |    97 |   228 ||   325
       Trident           |       |       |    15 ||    15
 Cast: Beastly Appendage |     7 |       |       ||     7
       Wereblood         |     1 |       |       ||     1
Invok: Recite            |     2 |    12 |    20 ||    34
       Vitalisation      |       |     1 |     3 ||     4
       Imprison          |       |       |     3 ||     3
  Use: Scroll            |       |     4 |     8 ||    12
       Potion            |       |       |     1 ||     1
 Stab: Sleeping          |     8 |     8 |     5 ||    21
       Invisible         |       |       |     2 ||     2
       Paralysed         |       |       |     1 ||     1
Armor: Skin              |     6 |    22 |    63 ||    91
Dodge: Dodged            |    84 |   125 |   366 ||   575

Table legend: (Time is in decaauts)
 A = Elapsed time spent in this place.
 B = Non-inter-level travel time spent in this place.
 C = Inter-level travel time spent in this place.
 D = Time resting spent in this place.
 E = Time spent auto-exploring this place.
 F = Levels seen in this place.
 G = Mean time per level.
                   A        B        C        D        E       F      G
               +--------+--------+--------+--------+--------+-----+--------+
         Total |   8441 |   7970 |    471 |   2178 |   4070 |   7 | 1205.9 |
       Dungeon |   8441 |   7970 |    471 |   2178 |   4070 |   7 | 1205.9 |
               +--------+--------+--------+--------+--------+-----+--------+

Top non-repeatable levels by time:
     D:1: 2165 daAuts
     D:4: 1638 daAuts
     D:2: 1369 daAuts
     D:5: 1147 daAuts
     D:6: 816 daAuts
     D:3: 774 daAuts
     D:7: 529 daAuts
